 Dungeon Crawl Stone Soup version 0.31.0-4-g52a2dc7128 (webtiles) character file.

Game seed: 16350507099623346668

80 MollyMolluskus the Ducker (level 4, -10/46 HPs)
             Began as an Octopode Fighter on Jan 21, 2024.
             Mangled by Sigmund
             ... wielding a +0 scythe
              (13 damage)
             ... on level 3 of the Dungeon.
             The game lasted 00:06:28 (1676 turns).

MollyMolluskus the Ducker (Octopode Fighter)        Turns: 1676, Time: 00:06:28

Health: -10/46     AC:  1    Str: 17    XL:     4   Next: 39%
Magic:  4/4        EV: 13    Int: 10    God:
Gold:   1          SH:  4    Dex: 11    Spells: 3/3 levels left

rFire   . . .        c - +4 war axe
rCold   . . .        a - +0 buckler
rNeg    . . .        (helmet restricted)
rPois   +            (no amulet)
rElec   .            k - ring of poison resistance
rCorr   .            (no ring)
SInv    .            (no ring)
Will    .....        (no ring) Stlth
                     (no ring)
HPRegen 0.27/turn    (no ring)
MPRegen 0.09/turn    (no ring)
                     (no ring)

%: no passive effects
@: berserking, very quick
A: almost no armour, amphibious, 8 rings, camouflage 1, gelatinous body 1,
(nimble swimmer 1), tentacles
a: no special abilities


You were on level 3 of the Dungeon.
You visited 1 branch of the dungeon, and saw 3 of its levels.

You collected 144 gold pieces.
You spent 143 gold pieces at shops.

Inventory:

Hand Weapons
 c - a +4 war axe (weapon)
Missiles
 e - 27 stones (quivered)
Armour
 a - a +0 buckler (worn)
Jewellery
 k - a ring of poison resistance (left tentacle)
Scrolls
 g - 2 scrolls of poison
 i - 2 scrolls of blinking
Potions
 b - a potion of might
 h - 2 potions of brilliance {unknown}
 l - 2 potions of lignification


   Skills:
 + Level 3.3 Fighting
 + Level 3.4 Dodging
 + Level 1.9 Stealth
 + Level 3.3 Shields
 * Level 3.1 Unarmed Combat


You had 3 spell levels left.
You didn't know any spells.
Your spell library contained the following spells:

 Spells                   Type           Power      Damage    Failure   Level
 Volatile Blastmotes      Fire/Tloc      0%         2d10      82%         3
 Fulminant Prism          Conj/Alch      0%         3d5       99%         4
 Iskenderun's Mystic Bla  Conj/Tloc      0%         2d3       99%         4


Dungeon Overview and Level Annotations

Branches:
Dungeon (3/15)

Altars:

Shops:
D:1 *

Annotations:
D:3 Sigmund


Innate Abilities, Weirdness & Mutations

You cannot wear most types of armour.
You are amphibious.
You can wear up to eight rings at the same time.
Your skin changes colour to match your surroundings (Stealth+).
Your rubbery body absorbs attacks. (AC +1, EV +1)
((You are camouflaged when in or above water. (Stealth+)))
You have tentacles for arms and can constrict up to eight enemies at once.


Message History

There is a stone staircase leading up here.
You climb upwards.
There is a stone staircase leading down here.
There is an entrance to Husoel's General Store here.
d - a potion of berserk rage Thank you for shopping at Husoel's General Store!
You can access your shopping list by pressing '$'.
What level of the Dungeon? (default 1, ? - help)
There is a stone staircase leading down here.
You climb downwards.
There is a stone staircase leading up here.
There is a stone staircase leading down here.
You climb downwards.
There is a stone staircase leading up here.
Sigmund is nearby!
The helpless Sigmund fails to defend himself.
You hit Sigmund. Your grab misses Sigmund.
Sigmund is lightly wounded.
Sigmund barely misses you.
You slash Sigmund! Your grab misses Sigmund.
Sigmund is moderately wounded.
Sigmund hits you with a +0 scythe.
You barely miss Sigmund. Your grab misses Sigmund.
Sigmund is moderately wounded.
Sigmund mumbles some strange words.
Sigmund flickers and vanishes!
Deactivating autopickup; reactivate with Ctrl-A.
You barely miss something. Something hits you!
You slash something! Something barely misses you.
You barely miss something. Something hits you!
* * * LOW HITPOINT WARNING * * *
You feel better. Something barely misses you.
A red film seems to cover your vision as you go berserk!
You feel yourself moving faster!
You feel mighty! Something hits you!
* * * LOW HITPOINT WARNING * * *
You miss something. You barely miss something. Your squeeze misses something.
Something hits you.
* * * LOW HITPOINT WARNING * * *
You miss something. Your squeeze misses something. Something hits you!
You die...

#..
#.#
#.#
#.#
#.#
#.#
#{#
#@#
#.#
#.#
#.#
#.#
#.#
#.#
..#


There were no monsters in sight!

Vanquished Creatures
  3 gnolls (D:2)
  An adder (D:2)
  2 ribbon worms (D:2)
  2 ball pythons (D:2)
  4 endoplasms
  2 goblins (D:2)
  2 hobgoblins
  8 jackals
  5 quokkas
  2 bats (D:2)
  2 kobolds
  2 rats (D:1)
35 creatures vanquished.

Notes
Turn   | Place    | Note
-------+----------+-------------------------------------------
     0 | D:1      | MollyMolluskus the Octopode Fighter began the quest for the
                  | Orb.
     0 | D:1      | Reached XP level 1. HP: 16/16 MP: 1/1
   163 | D:1      | Found a faded altar of an unknown god.
   767 | D:1      | Reached XP level 2. HP: 21/21 MP: 2/2
   800 | D:1      | Found Husoel's General Store.
   807 | D:1      | Bought a potion of curing for 39 gold pieces
   930 | D:1      | Reached skill level 1 in Stealth
   985 | D:1      | Bought a potion of lignification for 39 gold pieces
  1187 | D:2      | Reached XP level 3. HP: 25/26 MP: 3/3
  1394 | D:2      | Reached XP level 4. HP: 25/31 MP: 4/4
  1648 | D:1      | Bought a potion of berserk rage for 65 gold pieces
  1665 | D:3      | Noticed Sigmund
  1675 | D:3      | HP: 2/46 [something (2)]
  1676 | D:3      | Mangled by Sigmund

Illustrated notes

Levels and vault maps discovered:
D:1:      dpeg_arrival_snail, layout_loops_corners,
          hellmonk_ecumenical_altar_slurped_away, serial_shops,
          nicolae_shop_trees, st_stairs_13, chequers_serial_rivers_micro_c
D:2:      wad_crossroads, layout_rooms, minmay_quantized
D:3:      layout_basic, zin_scriptorium, uniq_sigmund

Skill      XL: |  1  2  3 |
---------------+----------+-----
Stealth        | 1 |  1.9
Unarmed Combat | 3 |  3.1
Fighting       | |  3.3
Dodging        | |  3.4
Shields        | |  3.3

Action                     |  1- 3 |  4- 6 || total
---------------------------+-------+-------++-------
  Melee: Unarmed           |    59 |    20 ||    79
         Constrict         |    17 |     5 ||    22
         Tentacles         |    10 |     6 ||    16
         Punch             |     1 |     2 ||     3
         War axe           |       |     9 ||     9
  Throw: Stone             |     3 |       ||     3
    Use: Scroll            |     6 |     1 ||     7
         Potion            |       |     2 ||     2
   Stab: Sleeping          |    10 |     3 ||    13
 Armour: Skin              |    16 |    10 ||    26
  Dodge: Dodged            |    19 |    11 ||    30
  Block: Buckler           |     8 |     2 ||    10
